cohdb
Replays
Latest Replays
All Replays
Popular Replays
Top Player Replays
Match Explorer
How It Works
Community
CoH3 Stats
Reddit
Sign in to upload your games and track your stats! →
Sign in with Steam
Match 47191172
Unlisted
Match 47191172
Overview
Messages
Build Orders
End
Construct Infanterie Kompanie
Selects Terror Battlegroup
Selects Machine Gun Camouflage
Grenadier Squad
Grenadier Squad
MG 42 Machine Gun Team
GrW 34 Mortar Team
Medical Station
Selects Contempt for the Weak
Construct Panzergrenadier Kompanie
Grenadier Squad
Panzergrenadier Squad
251 Medium Carrier
Panzergrenadier Squad
Selects Propaganda Leaflet Drop
Propaganda Leaflet Drop
AI Takeover
De@d€ye
IronDragon
ЯРОСТ
takoe
0
0
Comments
sign in to comment!
No comments posted yet!